 Dungeon Crawl Stone Soup version 0.22-a0-565-gfc6459a (webtiles) character file.

9872 vierth the Protected (level 11, 0/97 HPs)
             Began as a Minotaur Fighter on June 27, 2018.
             Was an Initiate of Trog.
             Slain by an orc knight
             ... wielding a +2 war axe of chopping
              (3 damage)
             ... on level 10 of the Dungeon on June 28, 2018.
             The game lasted 00:21:24 (11154 turns).

vierth the Protected (Minotaur Fighter)            Turns: 11154, Time: 00:21:25

Health: 0/97       AC: 17    Str: 23    XL:     11   Next: 28%
Magic:  0/10       EV:  7    Int:  5    God:    Trog [......]
Gold:   443        SH: 12    Dex: 11    Spells: 10/10 levels left

rFire    . . .     SeeInvis .   a - +0 war axe
rCold    + . .     Gourm    .   c - +0 shield
rNeg     . . .     Faith    .   z - +0 chain mail
rPois    .         Spirit   +   (helmet restricted)
rElec    .         Reflect  .   B - +2 cloak
rCorr    .         Harm     .   v - +0 pair of gloves
MR       .....                  (no boots)
Stlth    ..........             s - amulet of guardian spirit
HPRegen  0.26/turn              t - ring of protection from cold
MPRegen  0.12/turn              (no ring)

@: no status effects
A: retaliatory headbutt, horns 2
a: Renounce Religion


You were on level 10 of the Dungeon.
You worshipped Trog.
Trog was noncommittal.
You were not hungry.

You visited 2 branches of the dungeon, and saw 11 of its levels.

You collected 443 gold pieces.

Inventory:

Hand Weapons
 a - a +0 war axe (weapon)
 E - a +0 morningstar
Armour
 c - a +0 shield (worn)
 v - a +0 pair of gloves (worn)
 z - a +0 chain mail (worn)
 B - a +2 cloak (worn)
 G - +0 acid dragon scales
Jewellery
 s - an amulet of guardian spirit (around neck)
 t - a ring of protection from cold (left hand)
Wands
 j - a wand of enslavement (12)
 x - a wand of digging (15)
 A - a wand of polymorph (14)
 I - a wand of scattershot (5)
Scrolls
 b - a scroll of random uselessness {unknown}
 e - 5 scrolls of identify
 h - a scroll of blinking
 i - a scroll of amnesia
 k - 4 scrolls of enchant armour
 m - 2 scrolls of teleportation
 u - 3 scrolls of remove curse
 y - 2 scrolls of fear {unknown}
 C - a scroll of summoning {unknown}
 D - 2 scrolls of magic mapping {unknown}
 H - a scroll of noise {unknown}
Potions
 d - 2 potions of might
 g - 3 potions of heal wounds {unknown}
 l - 2 potions of curing {unknown}
 n - 2 potions of lignification {unknown}
 o - 4 potions of haste {unknown}
 p - 2 potions of flight {unknown}
 q - 2 potions of degeneration {unknown}
 r - 2 potions of mutation {unknown}
 w - a potion of cancellation {unknown}
 F - a potion of magic {unknown}
Comestibles
 f - 12 rations


   Skills:
 + Level 9.4 Fighting
 * Level 12.2 Axes
 * Level 12.5 Armour
 + Level 9.5 Shields


You had 10 spell levels left.
You didn't know any spells.
Your spell library was empty.

Dungeon Overview and Level Annotations

Branches:
Dungeon (10/15)            Temple (1/1) D:7            Lair (0/6) D:10
    Orc (0/2) D:9

Altars:
Ashenzari
Cheibriados
Dithmenos
Elyvilon
Fedhas
Gozag
Hepliaklqana
Kikubaaqudgha
Makhleb
Nemelex Xobeh
Okawaru
Qazlal
Ru
Sif Muna
Trog
Uskayaw
Vehumet
Wu Jian
Xom
Yredelemnul
Zin
The Shining One


Innate Abilities, Weirdness & Mutations

You reflexively headbutt those who attack you in melee.
You have a pair of horns on your head.


Message History

* * * LOW HITPOINT WARNING * * *
x2 You barely miss the orc knight.
You headbutt the orc knight, but do no damage.
The orc knight is almost dead.
You closely miss the orc knight.
You headbutt the orc knight, but do no damage.
The orc knight is almost dead.
You block the orc knight's attack.
You hit the orc knight. Your headbutt misses the orc knight.
The orc knight is almost dead.
The orc knight hits you but does no damage.
You closely miss the orc knight.
The orc knight is almost dead.
The orc knight hits you with a war axe of chopping!
* * * LOW HITPOINT WARNING * * *
x2 You hit the orc knight but do no damage.
The orc knight is almost dead.
The orc knight hits you with a war axe of chopping!
* * * LOW HITPOINT WARNING * * *
You die...

####......................######.
.....###################### #.
###### #. ## ############
########### ...........#
#.@o......# ...........#
#.#######.#
...........####.#.#...#.#
...........'.##.#.#.#.#.#
...........#..#.#.#...#o######
[..........##.'.#.###.#......##
...........####.....#...#.##..##
####'####### #####'##....##...##
#..# #.#..#..#..#..#


You could see an orc knight.

Vanquished Creatures
  A hydra (D:9)
  A two-headed ogre (D:9)
  A tengu warrior (D:10)
  Pikel (D:8)
  Joseph (D:10)
  A gargoyle (D:10)
  2 dream sheep (D:9)
  A hippogriff (D:7)
  4 wraiths
  A basilisk (D:10)
  8 yaks (D:9)
  Eustachio (D:4)
  A steam dragon (D:10)
  Edmund (D:6)
  Menkaure (D:4)
  An acid dragon (D:10)
  An orc warrior (D:7)
  A sky beast (D:6)
  2 ice beasts
  A black bear (D:9)
  5 centaurs
  A crocodile (D:7)
  3 big kobolds (D:9)
  11 bullfrogs
  A scorpion (D:5)
  6 killer bees (D:10)
  A troll zombie (D:8)
  5 wights
  2 howler monkeys
  A crimson imp (D:6)
  2 jellies (D:7)
  A bullfrog zombie (D:10)
  3 hounds
  4 human zombies (D:8)
  2 orc priests
  9 orc wizards
  3 bullfrog skeletons (D:4)
  2 centaur skeletons
  Natasha (twice) (D:4)
  A human skeleton (D:8)
  2 iguanas
  7 worker ants
  A hound zombie (D:6)
  A hound skeleton (D:4)
  A mummy (D:8)
  4 gnolls (D:6)
  5 adders
  5 shadow imps
  2 oozes
  2 adder skeletons
  2 worms
  A dart slug (D:4)
  6 leopard geckos
  22 orcs
  A ball python (D:9)
  9 bats
  7 giant cockroaches
  4 goblins
  9 hobgoblins
  11 jackals
  2 kobolds
  8 quokkas
  3 frilled lizards
  A jackal skeleton (D:3)
  9 rats
222 creatures vanquished.

Vanquished Creatures (others)
  An orc wizard (D:8)
  2 adders (D:8)
  2 jackals (D:8)
5 creatures vanquished.

Grand Total: 227 creatures vanquished

Notes
Turn   | Place    | Note
-------+----------+-------------------------------------------
     0 | D:1      | vierth the Minotaur Fighter began the quest for the Orb.
     0 | D:1      | Reached XP level 1. HP: 19/19 MP: 0/0
   279 | D:1      | Reached XP level 2. HP: 24/27 MP: 1/1
   968 | D:2      | Reached XP level 3. HP: 31/33 MP: 2/2
  1632 | D:3      | Reached XP level 4. HP: 38/40 MP: 3/3
  2063 | D:4      | Noticed Natasha
  2068 | D:4      | Killed Natasha
  2073 | D:4      | Found a snail-covered altar of Cheibriados.
  2075 | D:4      | Noticed Natasha
  2084 | D:4      | Killed Natasha
  2084 | D:4      | Reached XP level 5. HP: 32/47 MP: 4/4
  2200 | D:4      | Found the +0 Maxwell's etheric cage {RegenMP+ *Contam rElec MP+4}
  2208 | D:4      | Reached skill level 5 in Armour
  2452 | D:4      | HP: 1/47 [something/magic dart (7)]
  2457 | D:4      | HP: 1/47 [something (1)]
  2511 | D:4      | Noticed Eustachio
  2800 | D:5      | Entered Level 5 of the Dungeon
  2828 | D:5      | Reached XP level 6. HP: 47/53 MP: 5/5
  2913 | D:5      | Reached skill level 5 in Axes
  3095 | D:5      | Found a blossoming altar of Fedhas.
  3194 | D:5      | Reached skill level 5 in Fighting
  3194 | D:5      | Reached skill level 5 in Shields
  3868 | D:4      | Found a sparkling altar of Nemelex Xobeh.
  3870 | D:4      | Noticed Menkaure
  3874 | D:4      | Killed Menkaure
  3874 | D:4      | Reached XP level 7. HP: 34/61 MP: 4/6
  4378 | D:4      | Killed Eustachio
  4851 | D:6      | Noticed Edmund
  4878 | D:6      | Killed Edmund
  4878 | D:6      | Reached XP level 8. HP: 57/70 MP: 7/7
  5111 | D:6      | Found a hazy altar of Hepliaklqana.
  5681 | D:6      | Found a glowing golden altar of the Shining One.
  5887 | D:7      | Found a stormy altar of Qazlal.
  5914 | D:7      | Noticed a hippogriff
  5928 | D:7      | Found a staircase to the Ecumenical Temple.
  6279 | D:8      | Reached XP level 9. HP: 74/78 MP: 6/8
  6334 | D:8      | Found an iron altar of Okawaru.
  6367 | D:8      | Noticed Pikel
  6380 | D:8      | Killed Pikel
  6740 | D:10     | Entered Level 10 of the Dungeon
  7064 | D:9      | Noticed a two-headed ogre
  7073 | D:9      | Killed a two-headed ogre
  7073 | D:9      | Reached skill level 10 in Axes
  7073 | D:9      | Reached skill level 10 in Armour
  7342 | D:9      | Found a sacrificial altar of Ru.
  7554 | D:9      | Reached XP level 10. HP: 81/88 MP: 7/9
  7669 | D:9      | Noticed a two-headed hydra
  7679 | D:9      | Killed a four-headed hydra
  8085 | D:9      | Found a stormy altar of Qazlal.
  8148 | D:9      | Found a staircase to the Orcish Mines.
  8950 | D:8      | Found an ancient bone altar of Kikubaaqudgha.
  9162 | Temple   | Entered the Ecumenical Temple
  9176 | Temple   | Became a worshipper of Trog the Wrathful
  9428 | D:7      | Found a white marble altar of Elyvilon.
  9467 | D:7      | Found an ornate altar of the Wu Jian Council.
  9961 | D:10     | Reached XP level 11. HP: 90/97 MP: 10/10
 10076 | D:10     | Noticed a tengu warrior
 10118 | D:10     | Killed a tengu warrior
 10714 | D:10     | Noticed Joseph
 10735 | D:10     | Killed Joseph
 10833 | D:10     | Upgraded the game from 0.22-a0-558-gc224181 to 0.22-a0-565-gfc6459a
 10856 | D:10     | Noticed an orc knight
 11048 | D:10     | Found a staircase to the Lair.
 11154 | D:10     | HP: 3/97 [orc knight/war axe of chopping (13)]
 11154 | D:10     | Slain by an orc knight

Vault maps used:
D:1:      wheals_arrival_shading
D:2:      first_ration, serial_bayou_lagoon_a
D:4:      cheibriados_altar_1, nemelex_diamond_rough_becter, uniq_natasha,
          uniq_eustachio, uniq_menkaure
D:5:      old_standard_altar
D:6:      lemuel_round_altar, kennysheep_little_box,
          hangedman_abyss_or_decor_passed, uniq_edmund
D:7:      lemuel_doored_altar, old_standard_altar, minmay_temple_entry_glass,
          basic_altar
D:8:      lemuel_mausoleum_altar_kikubaaqudgha, nicolae_overflow_hidden_temple,
          uniq_pikel
D:9:      nicolae_overflow_crystal_walls, orc_0_dummy, hangedman_ranch,
          nicolae_ru_great_annihilating_truth
D:10:     lair_entry_dummy, kb_rosetta, uniq_joseph
Temple:   dshaligram_water_room_temple

Skill      XL: |  1  2  3  4  5  6  7  8  9 10 11 |
---------------+----------------------------------+-----
Armour         | 4 5 6 7 8 10 12 | 12.5
Axes           | 3 4 5 6 8 10 11 12 | 12.2
Fighting       | 4 5 6 7 9 |  9.4
Shields        | 4 5 6 8 9 |  9.5

Action                   |  1- 3 |  4- 6 |  7- 9 | 10-12 || total
-------------------------+-------+-------+-------+-------++-------
Melee: War axe           |    93 |   134 |   286 |   317 ||   830
       Headbutt          |    15 |    12 |    54 |    67 ||   148
       Flail             |       |       |       |     5 ||     5
  Use: Scroll            |     3 |     5 |     1 |       ||     9
 Stab: Paralysed         |       |       |     2 |       ||     2
  Eat: Ration            |     1 |     2 |     4 |     3 ||    10
Armor: Scale mail        |    30 |    61 |   128 |       ||   219
       Chain mail        |       |       |    54 |   133 ||   187
Dodge: Dodged            |    29 |    36 |   118 |    56 ||   239
Block: Shield            |    37 |    68 |   207 |   172 ||   484

Table legend:
 A = Spawn XP
 B = Non-spawn XP
 C = Spawn XP percentage of total XP
 D = Spawn monster count
 E = Non-spawn monster count
 F = Spawn count percentage of total count
 G = Total turns spent on level
                    A         B        C        D         E        F      G
               +---------+---------+-------+---------+---------+-------+---------
         Total |       0 |   14103 |   0.0 |       0 |     222 |   0.0 | 11154
               +---------+---------+-------+---------+---------+-------+---------
           D:1 |       0 |      19 |   0.0 |       0 |      11 |   0.0 |   556
           D:2 |       0 |      37 |   0.0 |       0 |      14 |   0.0 |   687
           D:3 |       0 |      74 |   0.0 |       0 |      28 |   0.0 |  1063
           D:4 |       0 |     778 |   0.0 |       0 |      20 |   0.0 |  1323
           D:5 |       0 |     278 |   0.0 |       0 |      19 |   0.0 |  1012
           D:6 |       0 |     998 |   0.0 |       0 |      18 |   0.0 |  1237
           D:7 |       0 |    1412 |   0.0 |       0 |      21 |   0.0 |   678
           D:8 |       0 |    1981 |   0.0 |       0 |      31 |   0.0 |  1198
           D:9 |       0 |    4950 |   0.0 |       0 |      33 |   0.0 |  2000
          D:10 |       0 |    3576 |   0.0 |       0 |      27 |   0.0 |  1304
               +---------+---------+-------+---------+---------+-------+---------
